[ AOE2 MATCH · #495833558 ]
UnrankedCelts vs Ethiopians
Player's team · WIN
[ REPLAY ANALYSIS · EXTRACTED FROM THE RECORDED GAME ]
Feudal
10:29
Castle
22:34
Imperial
38:52
| APM avg | 45.4 |
| APM peak | 113 |
| eAPM avg | 24.6 |
| Villagers / military | 129 / 84 |
Focus
⚔️ 25.0% · 🌾 75.0%
Spearman ×33 · Woad Raider ×22 · Mangonel ×14 · Militia ×7 · Skirmisher ×6 · Trebuchet (Packed) ×2
Feudal
9:25
Castle
24:47
Imperial
—
| APM avg | 54.8 |
| APM peak | 100 |
| eAPM avg | 18.6 |
| Villagers / military | 55 / 79 |
Focus
⚔️ 36.8% · 🌾 63.2%
Archer ×62 · Mangonel ×7 · Knight ×3 · Scout Cavalry ×3 · Battering Ram ×2 · Spearman ×1
Match map
Initial resources + every placement click. Lines = walls · curves = elevation contours. ◆ gold · ⬟ stone · ● berries · ✦ relic · ◌ wall gap
Your base· ✓ Closed at 22:34 · 46t walls · 1 gate(s)
Caraxes the Blood Wyrm's base· ✓ Closed at 24:47 · 51t walls · 1 gate(s)
Smoothed initial terrain · ◌ = detected wall gap · hover for details
Inputs per minute
— Guacamole de Élite - - Caraxes the Blood Wyrm
Build order — Guacamole de Élite
First 150 of 334 actions detected
| 0:01 | Queue | Villager (Male) |
| 0:02 | Queue | Villager (Male) |
| 0:02 | Queue | Villager (Male) |
| 0:02 | Queue | Villager (Male) |
| 0:02 | Queue | Villager (Male) |
| 0:03 | Build | House |
| 0:05 | Build | House |
| 1:47 | Queue | Villager (Male) |
| 1:47 | Queue | Villager (Male) |
| 1:48 | Queue | Villager (Male) |
| 1:48 | Queue | Villager (Male) |
| 1:52 | Build | Lumber Camp |
| 2:03 | Queue | Villager (Male) |
| 2:03 | Queue | Villager (Male) |
| 2:03 | Queue | Villager (Male) |
| 2:03 | Queue | Villager (Male) |
| 2:18 | Queue | Villager (Male) |
| 2:18 | Queue | Villager (Male) |
| 2:19 | Queue | Villager (Male) |
| 2:19 | Queue | Villager (Male) |
| 2:49 | Queue | Villager (Male) |
| 2:50 | Queue | Villager (Male) |
| 2:50 | Queue | Villager (Male) |
| 3:15 | Queue | Villager (Male) |
| 3:15 | Queue | Villager (Male) |
| 3:15 | Queue | Villager (Male) |
| 3:39 | Queue | Villager (Male) |
| 3:40 | Queue | Villager (Male) |
| 3:40 | Queue | Villager (Male) |
| 3:40 | Queue | Villager (Male) |
| 3:40 | Queue | Villager (Male) |
| 3:59 | Build | House |
| 4:11 | Research | Loom |
| 4:11 | Queue | Villager (Male) |
| 4:12 | Queue | Villager (Male) |
| 4:12 | Queue | Villager (Male) |
| 4:12 | Queue | Villager (Male) |
| 4:17 | Build | House |
| 4:19 | Build | House |
| 5:04 | Build | Mill |
| 5:12 | Queue | Villager (Male) |
| 5:13 | Queue | Villager (Male) |
| 5:18 | Queue | Villager (Male) |
| 5:19 | Queue | Villager (Male) |
| 5:19 | Queue | Villager (Male) |
| 5:19 | Queue | Villager (Male) |
| 5:31 | Build | House |
| 5:48 | Queue | Villager (Male) |
| 5:48 | Queue | Villager (Male) |
| 5:48 | Queue | Villager (Male) |
| 5:55 | Queue | Villager (Male) |
| 5:55 | Queue | Villager (Male) |
| 5:55 | Queue | Villager (Male) |
| 5:55 | Queue | Villager (Male) |
| 5:56 | Queue | Villager (Male) |
| 6:08 | Build | Palisade Gate |
| 6:33 | Queue | Villager (Male) |
| 6:34 | Queue | Villager (Male) |
| 6:34 | Queue | Villager (Male) |
| 7:07 | Queue | Villager (Male) |
| 7:08 | Queue | Villager (Male) |
| 7:08 | Queue | Villager (Male) |
| 7:41 | Build | Barracks |
| 8:19 | Research | Feudal Age |
| 8:23 | Build | Mining Camp |
| 8:48 | Build | House |
| 8:49 | Queue | Militia |
| 8:49 | Queue | Militia |
| 8:50 | Queue | Militia |
| 9:09 | Build | Palisade Wall |
| 9:13 | Build | Palisade Wall |
| 9:19 | Queue | Militia |
| 9:19 | Queue | Militia |
| 9:19 | Queue | Militia |
| 9:41 | Queue | Militia |
| 10:03 | Build | House |
| 10:04 | Build | House |
| 10:29 | Age | Feudal Age |
| 10:32 | Research | Man-at-Arms (upgrade) |
| 10:53 | Research | Double-Bit Axe |
| 10:56 | Research | Horse Collar |
| 11:16 | Build | Stone Wall |
| 11:34 | Build | Archery Range |
| 11:46 | Build | Stone Wall |
| 11:48 | Queue | Villager (Male) |
| 11:48 | Queue | Villager (Male) |
| 11:53 | Build | Farm |
| 12:01 | Build | Farm |
| 12:10 | Build | House |
| 12:24 | Build | Mill |
| 12:32 | Build | Mill |
| 12:42 | Queue | Skirmisher |
| 12:42 | Queue | Skirmisher |
| 12:55 | Queue | Skirmisher |
| 13:07 | Build | Farm |
| 13:13 | Build | Farm |
| 13:16 | Build | Farm |
| 13:43 | Queue | Skirmisher |
| 13:59 | Queue | Skirmisher |
| 14:05 | Queue | Villager (Male) |
| 14:05 | Queue | Villager (Male) |
| 14:06 | Build | Farm |
| 14:11 | Build | Farm |
| 14:22 | Queue | Skirmisher |
| 15:18 | Queue | Villager (Male) |
| 15:19 | Queue | Villager (Male) |
| 15:19 | Queue | Villager (Male) |
| 15:19 | Queue | Villager (Male) |
| 15:24 | Build | Farm |
| 15:28 | Build | Farm |
| 15:46 | Build | House |
| 15:47 | Build | House |
| 15:56 | Build | Farm |
| 15:59 | Build | Farm |
| 16:00 | Queue | Villager (Male) |
| 16:23 | Build | Farm |
| 16:24 | Queue | Villager (Male) |
| 17:05 | Build | House |
| 17:08 | Queue | Villager (Male) |
| 17:14 | Build | Farm |
| 17:17 | Build | Farm |
| 17:19 | Queue | Villager (Male) |
| 17:19 | Queue | Villager (Male) |
| 18:05 | Build | Market |
| 18:21 | Research | Wheelbarrow |
| 19:00 | Build | Stone Wall |
| 19:29 | Build | House |
| 19:30 | Build | House |
| 19:31 | Build | House |
| 19:34 | Research | Castle Age |
| 19:45 | Research | Gold Mining |
| 19:45 | Research | Gold Mining |
| 19:46 | Research | Gold Mining |
| 20:45 | Build | Blacksmith |
| 20:57 | Research | Town Watch |
| 21:42 | Build | House |
| 21:57 | Build | House |
| 21:58 | Build | House |
| 22:00 | Queue | Spearman |
| 22:01 | Queue | Spearman |
| 22:02 | Queue | Spearman |
| 22:02 | Queue | Spearman |
| 22:15 | Build | House |
| 22:34 | Age | Castle Age |
| 22:40 | Build | Town Center |
| 22:48 | Queue | Spearman |
| 22:54 | Build | Siege Workshop |
| 23:39 | Queue | Mangonel |
| 23:47 | Research | Pikeman (upgrade) |
| 24:05 | Queue | Villager (Male) |
Build order — Caraxes the Blood Wyrm
First 150 of 229 actions detected
| 0:02 | Queue | Villager (Male) |
| 0:02 | Queue | Villager (Male) |
| 0:02 | Queue | Villager (Male) |
| 0:02 | Queue | Villager (Male) |
| 0:03 | Queue | Villager (Male) |
| 0:04 | Build | House |
| 0:06 | Build | House |
| 1:32 | Queue | Villager (Male) |
| 1:53 | Build | Lumber Camp |
| 1:57 | Queue | Villager (Male) |
| 2:17 | Queue | Villager (Male) |
| 2:47 | Queue | Villager (Male) |
| 3:41 | Queue | Villager (Male) |
| 4:17 | Queue | Villager (Male) |
| 4:27 | Build | House |
| 4:31 | Build | House |
| 4:39 | Queue | Villager (Male) |
| 4:44 | Queue | Villager (Male) |
| 4:44 | Queue | Villager (Male) |
| 4:44 | Queue | Villager (Male) |
| 5:08 | Build | Mill |
| 5:42 | Queue | Villager (Male) |
| 6:17 | Queue | Villager (Male) |
| 6:17 | Research | Loom |
| 7:15 | Research | Feudal Age |
| 7:48 | Build | Mining Camp |
| 8:22 | Build | Barracks |
| 8:40 | Queue | Villager (Male) |
| 9:20 | Build | House |
| 9:25 | Age | Feudal Age |
| 9:27 | Build | Palisade Wall |
| 9:28 | Build | Palisade Wall |
| 9:36 | Build | Archery Range |
| 9:42 | Queue | Villager (Male) |
| 9:48 | Build | House |
| 9:51 | Queue | Villager (Male) |
| 10:00 | Research | Double-Bit Axe |
| 10:02 | Queue | Villager (Male) |
| 10:12 | Build | Palisade Gate |
| 10:24 | Build | Palisade Wall |
| 10:29 | Queue | Villager (Male) |
| 10:33 | Queue | Villager (Male) |
| 10:39 | Build | House |
| 10:51 | Research | Man-at-Arms (upgrade) |
| 10:53 | Queue | Archer |
| 11:18 | Build | Palisade Wall |
| 11:26 | Queue | Archer |
| 11:44 | Build | House |
| 11:48 | Build | Palisade Wall |
| 11:53 | Queue | Archer |
| 11:55 | Queue | Spearman |
| 12:00 | Build | House |
| 12:16 | Queue | Villager (Male) |
| 12:22 | Queue | Archer |
| 12:40 | Queue | Skirmisher |
| 12:52 | Build | House |
| 12:56 | Build | Palisade Wall |
| 13:03 | Build | Blacksmith |
| 13:21 | Queue | Archer |
| 14:29 | Build | Stable |
| 14:39 | Research | Fletching |
| 15:00 | Queue | Villager (Male) |
| 15:00 | Queue | Villager (Male) |
| 15:18 | Queue | Villager (Male) |
| 15:18 | Queue | Villager (Male) |
| 15:25 | Build | Farm |
| 15:37 | Build | Market |
| 15:39 | Build | House |
| 15:45 | Build | Farm |
| 15:45 | Build | Farm |
| 15:54 | Build | House |
| 16:11 | Build | Mill |
| 16:50 | Build | Farm |
| 16:52 | Build | Farm |
| 16:56 | Queue | Villager (Male) |
| 17:09 | Build | House |
| 17:13 | Build | Farm |
| 17:17 | Queue | Archer |
| 17:37 | Research | Horse Collar |
| 17:39 | Queue | Villager (Male) |
| 17:50 | Build | Farm |
| 18:04 | Queue | Scout Cavalry |
| 18:12 | Build | Farm |
| 18:16 | Build | Farm |
| 18:21 | Build | House |
| 18:23 | Build | House |
| 18:24 | Build | House |
| 18:29 | Build | House |
| 18:31 | Build | House |
| 18:34 | Queue | Villager (Male) |
| 18:40 | Queue | Scout Cavalry |
| 18:45 | Build | Farm |
| 18:56 | Queue | Archer |
| 19:01 | Queue | Villager (Male) |
| 19:06 | Queue | Villager (Male) |
| 19:11 | Build | Farm |
| 19:22 | Queue | Villager (Male) |
| 19:34 | Build | Farm |
| 19:36 | Queue | Scout Cavalry |
| 19:38 | Queue | Archer |
| 19:50 | Queue | Villager (Male) |
| 19:56 | Build | Farm |
| 20:27 | Queue | Archer |
| 20:41 | Queue | Archer |
| 20:42 | Queue | Archer |
| 20:48 | Build | Farm |
| 21:17 | Queue | Villager (Male) |
| 21:19 | Build | Farm |
| 22:07 | Research | Castle Age |
| 22:07 | Research | Castle Age |
| 22:56 | Queue | Villager (Male) |
| 23:49 | Research | Gold Mining |
| 23:50 | Research | Padded Archer Armor |
| 23:58 | Queue | Villager (Male) |
| 24:35 | Queue | Archer |
| 24:36 | Queue | Archer |
| 24:47 | Age | Castle Age |
| 25:00 | Build | Siege Workshop |
| 25:09 | Queue | Archer |
| 25:09 | Queue | Archer |
| 25:12 | Queue | Knight |
| 25:24 | Research | Bodkin Arrow |
| 25:26 | Research | Crossbowman (upgrade) |
| 25:29 | Research | Bow Saw |
| 25:38 | Queue | Archer |
| 25:38 | Queue | Battering Ram |
| 25:51 | Build | House |
| 26:09 | Queue | Villager (Male) |
| 26:48 | Queue | Mangonel |
| 27:01 | Queue | Archer |
| 27:01 | Queue | Knight |
| 27:13 | Build | Archery Range |
| 27:25 | Build | Palisade Gate |
| 27:33 | Build | Palisade Gate |
| 28:43 | Queue | Archer |
| 28:44 | Queue | Archer |
| 29:12 | Queue | Mangonel |
| 29:15 | Build | Palisade Gate |
| 29:30 | Build | Palisade Wall |
| 29:31 | Build | Palisade Wall |
| 29:42 | Queue | Mangonel |
| 29:45 | Queue | Archer |
| 29:45 | Queue | Archer |
| 29:46 | Queue | Archer |
| 29:47 | Queue | Knight |
| 30:08 | Queue | Archer |
| 30:09 | Queue | Archer |
| 30:30 | Queue | Battering Ram |
| 30:34 | Build | Outpost |
| 30:37 | Queue | Archer |
Match timeline
| 7:41 | Guacamole de Élite · first_building Barracks |
| 8:22 | Caraxes the Blood Wyrm · first_building Barracks |
| 9:09 | Guacamole de Élite · wall_segment Palisade Wall x8 |
| 9:13 | Guacamole de Élite · wall_segment Palisade Wall x12 |
| 9:25 | Caraxes the Blood Wyrm · age_up feudal |
| 9:27 | Caraxes the Blood Wyrm · wall_segment Palisade Wall x1 |
| 9:28 | Caraxes the Blood Wyrm · wall_segment Palisade Wall x1 |
| 9:36 | Caraxes the Blood Wyrm · first_building Archery Range |
| 10:24 | Caraxes the Blood Wyrm · wall_segment Palisade Wall x18 |
| 10:29 | Guacamole de Élite · age_up feudal |
| 11:16 | Guacamole de Élite · wall_segment Stone Wall x5 |
| 11:18 | Caraxes the Blood Wyrm · wall_segment Palisade Wall x10 |
| 11:34 | Guacamole de Élite · first_building Archery Range |
| 11:46 | Guacamole de Élite · wall_segment Stone Wall x13 |
| 11:48 | Caraxes the Blood Wyrm · wall_segment Palisade Wall x8 |
| 12:56 | Caraxes the Blood Wyrm · wall_segment Palisade Wall x13 |
| 14:29 | Caraxes the Blood Wyrm · first_building Stable |
| 19:00 | Guacamole de Élite · wall_segment Stone Wall x8 |
| 22:02 | Caraxes the Blood Wyrm · first_market_buy 100 food |
| 22:34 | Guacamole de Élite · age_up castle |
| 22:54 | Guacamole de Élite · first_building Siege Workshop |
| 24:47 | Caraxes the Blood Wyrm · age_up castle |
| 25:00 | Caraxes the Blood Wyrm · first_building Siege Workshop |
| 25:32 | Guacamole de Élite · first_market_buy 100 stone |
| 29:30 | Caraxes the Blood Wyrm · wall_segment Palisade Wall x1 |
| 29:31 | Caraxes the Blood Wyrm · wall_segment Palisade Wall x1 |
| 33:34 | Guacamole de Élite · first_building Castle |
| 35:39 | Caraxes the Blood Wyrm · first_market_sell 100 food |
| 38:52 | Guacamole de Élite · age_up imperial |
| 40:16 | Caraxes the Blood Wyrm · wall_segment Palisade Wall x1 |
| 42:13 | Caraxes the Blood Wyrm · first_building Castle |
| 42:38 | Caraxes the Blood Wyrm · resign |
[ AI ANALYSIS · 1 CREDIT ]
What really happened in this match?
Wolo.gg analyzes every decision: build order, eco, micro, common mistakes by bracket. Personalized analysis on WhatsApp or Discord in 30 seconds.
Civ guide
Celts
Perfil
Jugador #9177303